 Dungeon Crawl Stone Soup version 0.28-a0-465-ge2dae52 (webtiles) character file.

Game seed: 820129528378808682

107 Illumine the Firebug (level 4, 0/27 HPs)
             Began as a Deep Elf Cinder Acolyte on Sept 14, 2021.
             Was an Elder of Ignis.
             Slain by a gnoll (5 damage)
             ... on level 2 of the Dungeon.
             The game lasted 00:03:51 (2673 turns).

Illumine the Firebug (Deep Elf Cinder Acolyte)      Turns: 2673, Time: 00:03:52

Health: 0/27       AC:  2    Str: 11    XL:     4   Next: 56%
Magic:  3/11       EV: 11    Int: 20    God:    Ignis [****..]
Gold:   68         SH:  0    Dex: 16    Spells: 5/10 levels left

rFire   + . .      SeeInvis .   a - -1 short sword (flame)
rCold   . . .      Faith    .   (no shield)
rNeg    . . .      Spirit   .   b - +0 robe
rPois   .          Reflect  .   (no helmet)
rElec   .          Harm     .   (no cloak)
rCorr   .          Rampage  .   (no gloves)
Will    .....                   (no boots)
Stlth   +.........              l - amulet of magic regeneration
HPRegen 0.09/turn               c - +6 ring of dexterity
MPRegen 0.37/turn               (no ring)

@: no status effects
A: no striking features
a: Renounce Religion, Sea of Fire, Foxfire Swarm, Rising Flame


You were on level 2 of the Dungeon.
You worshipped Ignis.
Ignis was greatly pleased with you.
You visited 1 branch of the dungeon, and saw 2 of its levels.

You collected 68 gold pieces.

Inventory:

Hand Weapons
 a - a -1 short sword of flaming (weapon)
Armour
 b - a +0 robe (worn)
Magical Staves
 d - a staff of death
Jewellery
 c - a +6 ring of dexterity (left hand)
 l - an amulet of magic regeneration (around neck)
Wands
 i - a wand of digging (5)
Scrolls
 e - a scroll of holy word {unknown}
 h - 4 scrolls of immolation {unknown}
 k - a scroll of teleportation {unknown}
Potions
 f - 2 potions of brilliance {unknown}
 g - a potion of curing {unknown}
 j - 2 potions of attraction {unknown}


   Skills:
 + Level 2.5 Fighting
 - Level 3.0 Short Blades
 + Level 3.9 Spellcasting
 + Level 1.5 Summonings
 + Level 4.5 Fire Magic


You had 5 spell levels left.
You knew the following spells:

 Your Spells              Type           Power      Damage    Failure   Level
a - Scorch                Fire           42%        2d7       3%          2
b - Call Canine Familiar  Summ           10%        N/A       21%         3

Your spell library contained the following spells:

 Spells                   Type           Power      Damage    Failure   Level
 Portal Projectile        Hex/Tloc       6%         N/A       36%         3
 Leda's Liquefaction      Hex/Erth       1%         N/A       78%         4


Dungeon Overview and Level Annotations

Branches:
Dungeon (2/15)

Altars:


Message History

You see here a frilled lizard corpse.
Casting: Scorch (safe; 3% risk of failure)
Confirm with . or Enter, or press ? or * to list all spells.
Flames lash the gnoll.
The gnoll is heavily wounded.
The gnoll's fire resistance burns away.
The gnoll closely misses you.
Unknown command.
Casting: Scorch (safe; 3% risk of failure)
Confirm with . or Enter, or press ? or * to list all spells.
Flames lash the gnoll.
The gnoll is severely wounded.
The gnoll's fire resistance burns away.
The gnoll hits you from afar with a +0 halberd.
The gnoll throws a stone.
The stone barely misses you.
The gnoll throws a stone.
The stone barely misses you.
Casting: Scorch (safe; 3% risk of failure)
Confirm with . or Enter, or press ? or * to list all spells.
Flames lash the gnoll.
The gnoll is burned terribly!
You kill the gnoll!
The gnoll is no longer more vulnerable to fire.
The gnoll barely misses you.
Unknown command.
Casting: Scorch (safe; 3% risk of failure)
Confirm with . or Enter, or press ? or * to list all spells.
Flames lash the gnoll.
The gnoll is severely wounded.
The gnoll's fire resistance burns away.
The gnoll hits you from afar with a +0 halberd!
An endoplasm comes into view.
Casting: Scorch (safe; 3% risk of failure)
Confirm with . or Enter, or press ? or * to list all spells.
Flames lash the gnoll.
The gnoll is lightly wounded.
The gnoll's fire resistance burns away.
The gnoll closely misses you.
The gnoll hits you from afar with a +0 halberd!
* * * LOW HITPOINT WARNING * * *
Flames leap up around you!
The gnoll is no longer more vulnerable to fire. x2
The gnoll hits you with a +0 club.
You die...

.....##.#.###........#
##.#......# #........#
#######.#####.##...###
...........##....).#
###...J†...#####.###
#........# #.#
#vvgvv...# #.#
#vvgvv...# #.#
#vv@vv...# #.#
....[vvvvv...# #.#
#...########## #.#
#.## #.# #


You could see 2 gnolls and an endoplasm.

Vanquished Creatures
  Robin (D:1)
  2 gnolls (D:2)
  An adder (D:2)
  A worm (D:2)
  3 bats
  7 endoplasms
  2 giant cockroaches
  14 goblins
  8 hobgoblins
  2 jackals (D:1)
  3 quokkas
  3 ball pythons (D:1)
  2 frilled lizards
  3 kobolds
  6 rats
58 creatures vanquished.

Vanquished Creatures (others)
  A frilled lizard (D:1)
  A kobold (D:1)
  30 foxfires (D:1)
32 creatures vanquished.

Grand Total: 90 creatures vanquished

Notes
Turn   | Place    | Note
-------+----------+-------------------------------------------
     0 | D:1      | Illumine the Deep Elf Cinder Acolyte began the quest for
                  | the Orb.
     0 | D:1      | Reached XP level 1. HP: 13/13 MP: 5/5
   387 | D:1      | Reached XP level 2. HP: 6/18 MP: 7/7
   621 | D:1      | Learned a level 2 spell: Scorch
  1109 | D:1      | Reached skill level 4 in Fire Magic
  1141 | D:1      | Reached XP level 3. HP: 22/22 MP: 1/9
  1431 | D:1      | Learned a level 3 spell: Call Canine Familiar
  1490 | D:2      | Noticed Robin
  1498 | D:1      | Killed Robin
  2019 | D:2      | Reached skill level 1 in Summonings
  2125 | D:2      | Reached XP level 4. HP: 7/27 MP: 2/11
  2673 | D:2      | Slain by a gnoll

Illustrated notes

Levels and vault maps discovered:
D:1:      nzn_arrival_water_spiral, layout_basic, lemuel_flame_loot_1
D:2:      layout_loops_cross, minmay_circled_x, uniq_robin

Skill      XL: |  1  2  3 |
---------------+----------+-----
Spellcasting   | 2 3 |  3.9
Fire Magic     | 4 |  4.5
Summonings     | 1 |  1.5
Fighting       | |  2.5
Short Blades   | |  3.0

Action                   |  1- 3 |  4- 6 || total
-------------------------+-------+-------++-------
Melee: Short sword       |    24 |       ||    24
 Cast: Scorch            |    42 |    18 ||    60
Invok: Foxfire Swarm     |     2 |     1 ||     3
Armor: Robe              |     6 |       ||     6
Dodge: Dodged            |    30 |     7 ||    37

Table legend: (Time is in decaauts)
 A = Elapsed time spent in this place.
 B = Non-inter-level travel time spent in this place.
 C = Inter-level travel time spent in this place.
 D = Time resting spent in this place.
 E = Time spent auto-exploring this place.
 F = Levels seen in this place.
 G = Mean time per level.
                   A        B        C        D        E       F      G
               +--------+--------+--------+--------+--------+-----+--------+
         Total |   2673 |   2581 |     92 |    822 |   1384 |   2 | 1336.5 |
       Dungeon |   2673 |   2581 |     92 |    822 |   1384 |   2 | 1336.5 |
               +--------+--------+--------+--------+--------+-----+--------+

Top non-repeatable levels by time:
     D:1: 1776 daAuts
     D:2: 896 daAuts
